 Dungeon Crawl Stone Soup version 0.31-a0-1388-g4b2ba238e7 (webtiles) character file.

Game seed: 1731920267472340550

6008 mewnfare the Fighter (level 10, 0/183 HPs)
             Began as an Oni Ice Elementalist on Dec 25, 2023.
             Was a Follower of Qazlal.
             Incinerated by a deep elf pyromancer (9 damage)
             ... with a pyre arrow
             ... on level 8 of the Dungeon.
             The game lasted 00:36:36 (8254 turns).

mewnfare the Fighter (Oni Ice Elementalist)         Turns: 8254, Time: 00:36:36

Health: 0/183      AC: 12    Str: 16    XL:     10   Next: 85%
Magic:  10/22      EV: 10    Int: 18    God:    Qazlal [*.....]
Gold:   468        SH:  1    Dex:  9    Spells: 15/26 levels left

rFire   . . .        k - +1 flail (drain)
rCold   . . .        (no shield)
rNeg    . . .        a - +2 robe
rPois   .            (helmet restricted)
rElec   .            l - +2 cloak
rCorr   .            (gloves unavailable)
SInv    .            (boots unavailable)
Will    +....        (no amulet) Stlth
                     v - +4 ring of protection
HPRegen 0.50/turn    (no ring)
MPRegen 0.18/turn

%: no passive effects
@: berserking, on fire, glowing, very quick
A: large, unfitting armour, horns 1, tough skin 1, double potion healing,
drunken brawling
a: Renounce Religion


You were on level 8 of the Dungeon.
You worshipped Qazlal.
Qazlal was aware of your devotion.
You visited 2 branches of the dungeon, and saw 9 of its levels.
You also visited: Sewer.

You collected 468 gold pieces.

Inventory:

Hand Weapons
 d - a +0 giant spiked club
 k - a +1 flail of draining (weapon)
 w - a +1 scimitar of flaming
 B - a +1 war axe of freezing
 G - a +1 whip of venom
 I - a +2 trident of flaming
Missiles
 e - 4 javelins
 j - 36 poisoned darts
 J - a throwing net
Armour
 a - a +2 robe (worn)
 l - a +2 cloak (worn)
 m - a scarf of shadows
 H - +0 acid dragon scales
Jewellery
 v - a +4 ring of protection (left hand)
Wands
 b - a wand of quicksilver (3)
 i - a wand of iceblast (5)
 q - a wand of charming (15)
 C - a wand of mindburst (17)
Scrolls
 c - a scroll of identify
 f - 2 scrolls of teleportation
 g - a scroll of fog
 p - a scroll of vulnerability {unknown}
 x - 2 scrolls of poison {unknown}
 y - a scroll of revelation {unknown}
 A - 2 scrolls of amnesia
 E - 3 scrolls of butterflies {unknown}
Potions
 n - a potion of brilliance {unknown}
 o - 4 potions of enlightenment
 r - 3 potions of curing
 s - a potion of magic
 t - 2 potions of attraction {unknown}
 u - a potion of ambrosia {unknown}
 z - 2 potions of resistance {unknown}
 D - a potion of invisibility {unknown}
 F - a potion of heal wounds


   Skills:
 * Level 14.0 Fighting
 - Level 0.6 Polearms
 - Level 2.0 Dodging
 - Level 1.6 Stealth
 + Level 8.9 Spellcasting
 - Level 3.0 Summonings
 + Level 8.0 Ice Magic


You had 15 spell levels left.
You knew the following spells:

 Your Spells              Type           Power      Damage    Failure   Level
a - Freeze                Ice            100%       1d10      1%          1
b - Ozocubu's Armour      Ice            37%        N/A       1%          3
c - Frozen Ramparts       Ice            74%        1d12      1%          3
d - Summon Ice Beast      Ice/Summ       27%        N/A       9%          4

Your spell library contained the following spells:

 Spells                   Type           Power      Damage    Failure   Level


Dungeon Overview and Level Annotations

Branches:
Dungeon (8/15)             Temple (1/1) D:6           Sewer (visited)
   Lair: D:8-11

Altars:
Cheibriados
Dithmenos
Elyvilon
Fedhas
Gozag
Hepliaklqana
Nemelex Xobeh
Okawaru
Qazlal
Ru
Sif Muna
Trog
Uskayaw
Vehumet
Wu Jian
Xom
Yredelemnul
Zin

Shops:
D:2 (   D:6 :


Innate Abilities, Weirdness & Mutations

You are too large for most types of armour.
You have a pair of small horns on your head.
You have tough skin. (AC +1)
You gain doubled healing and magic from potions.
Whenever you drink a healing potion, you attack all around you.


Message History

Casting: Ozocubu's Armour (safe; 1% risk of failure)
Confirm with . or Enter, or press ? or * to list all spells.
Aiming: Freeze (safe; 1% risk of failure)
Press: ? - help, Shift-Dir - straight line, f - boulder beetle
Aim: a boulder beetle (lightly wounded)
You freeze the boulder beetle.
The boulder beetle is lightly wounded.
The liquid fire burns you!
The wall freezes the boulder beetle.
The boulder beetle bites you but does no damage.
The heat melts your icy armour.
You hit the boulder beetle but do no damage.
The boulder beetle is lightly wounded.
The liquid fire burns you!
* * * LOW HITPOINT WARNING * * *
The frozen ramparts melt away.
The boulder beetle completely misses you.
The heat melts your icy armour.
A red film seems to cover your vision as you go berserk!
You feel yourself moving faster!
You feel mighty! The liquid fire burns you!
Your icy armour melts away.
* * * LOW HITPOINT WARNING * * *
The boulder beetle closely misses you.
You sock the boulder beetle!
The boulder beetle is moderately wounded.
The liquid fire burns you!
* * * LOW HITPOINT WARNING * * *
The boulder beetle bites you!
* * * LOW HITPOINT WARNING * * *
You sock the boulder beetle!
The boulder beetle is heavily wounded.
The liquid fire burns you!
* * * LOW HITPOINT WARNING * * *
The boulder beetle bites you but does no damage.
You barely miss the boulder beetle.
You headbutt the boulder beetle, but do no damage.
The boulder beetle is heavily wounded.
The liquid fire burns you!
You die...

#############
......)@...<#
####
......B...).#
#..#
.####.####..#
#..# ...
.B#..# #..#
#.......#..#
#..#
#..$$$..#..#
##..#
#..$)$..#..#
#...#
#../$)..#..#
#.#.#
......#..#


You could see a boulder beetle.

Vanquished Creatures
  A centaur warrior (D:8)
  2 two-headed ogres (D:8)
  A deep elf pyromancer (D:8)
  Joseph (D:7)
  Maggie (D:7)
  A tengu conjurer (D:8)
  A hornet (D:4)
  A wyvern (D:8)
  A steam dragon (D:8)
  3 black bears
  A sky beast (D:8)
  2 ogres
  3 phantoms
  A centaur (D:6)
  2 kobold brigands
  A scorpion (D:5)
  5 bullfrogs
  A wight (D:8)
  A howler monkey (D:7)
  3 bombardier beetles
  4 hounds
  4 orc priests
  A sleepcap (D:6)
  6 orc wizards
  4 iguanas
  A mummy (D:5)
  Robin (D:2)
  11 gnolls
  A river rat (Sewer)
  10 adders
  2 white imps
  4 ufetubi (D:7)
  3 worms
  3 dart slugs
  20 orcs
  6 endoplasms
  A giant cockroach (D:3)
  12 goblins
  13 hobgoblins
  4 jackals
  8 quokkas
  7 ball pythons
  4 bats
  5 frilled lizards
  17 kobolds
  7 rats
192 creatures vanquished.

Vanquished Creatures (collateral kills)
  A sleepcap (D:6)
1 creature vanquished.

Grand Total: 193 creatures vanquished

Notes
Turn   | Place    | Note
-------+----------+-------------------------------------------
     0 | D:1      | mewnfare the Oni Ice Elementalist began the quest for the
                  | Orb.
     0 | D:1      | Reached XP level 1. HP: 16/16 MP: 3/3
     0 | D:1      | Noticed a shadow dragon
     0 | D:1      | Noticed an ice dragon
   101 | D:1      | Noticed an orb of fire
   103 | D:1      | Noticed an ice dragon
   105 | D:1      | Noticed an iron dragon
   106 | D:1      | Noticed an iron dragon
   108 | D:1      | Noticed an ice dragon
   110 | D:1      | Noticed a tentacled monstrosity
   114 | D:1      | Noticed a purple draconian
   116 | D:1      | Noticed an iron dragon
   116 | D:1      | Noticed a tentacled monstrosity
   118 | D:1      | Noticed an orb of fire
   118 | D:1      | Noticed an ice dragon
   285 | D:1      | Reached XP level 2. HP: 24/24 MP: 3/5
   727 | D:1      | Reached skill level 1 in Fighting
   879 | D:1      | Reached XP level 3. HP: 33/33 MP: 4/7
  1135 | D:2      | Found Teqitaec's Weapon Boutique.
  1165 | D:1      | Learned a level 3 spell: Ozocubu's Armour
  1169 | D:1      | Learned a level 3 spell: Frozen Ramparts
  1596 | D:2      | Reached skill level 2 in Fighting
  1600 | D:2      | Reached XP level 4. HP: 39/44 MP: 0/8
  1622 | D:2      | Noticed Robin
  1628 | D:2      | Killed Robin
  1629 | D:2      | Reached skill level 3 in Fighting
  1933 | D:3      | Reached XP level 5. HP: 50/53 MP: 3/10
  2208 | D:3      | Reached skill level 4 in Fighting
  2356 | D:3      | Found a faded altar of an unknown god.
  2391 | D:3      | Found a glowing drain.
  2397 | Sewer    | Entered a sewer
  2451 | Sewer    | Noticed a kobold brigand
  2491 | Sewer    | Reached XP level 6. HP: 63/63 MP: 11/11
  2502 | Sewer    | Reached skill level 5 in Fighting
  2522 | Sewer    | Found a white marble altar of Elyvilon.
  3243 | D:4      | Reached skill level 6 in Fighting
  3243 | D:4      | Reached XP level 7. HP: 42/75 MP: 13/13
  3823 | D:4      | Noticed a hornet
  3829 | D:4      | Reached skill level 5 in Ice Magic
  3832 | D:4      | Paralysed by a hornet for 1 turns
  3835 | D:4      | Killed a hornet
  3836 | D:4      | Reached skill level 7 in Fighting
  3836 | D:4      | Reached skill level 5 in Spellcasting
  4003 | D:4      | Reached XP level 8. HP: 80/88 MP: 8/16
  4463 | D:4      | Learned a level 4 spell: Summon Ice Beast
  4523 | D:4      | Reached skill level 8 in Fighting
  4609 | D:5      | Entered Level 5 of the Dungeon
  4674 | D:5      | Reached skill level 1 in Summonings
  4866 | D:5      | Found a white marble altar of Elyvilon.
  5056 | D:5      | Found a snail-covered altar of Cheibriados.
  5250 | D:5      | Reached skill level 9 in Fighting
  5538 | D:6      | Found Niutad's Book Boutique.
  5639 | D:6      | Reached XP level 9. HP: 57/100 MP: 12/18
  5811 | D:6      | Found a glowing silver altar of Zin.
  5811 | D:6      | Noticed an angel
  6052 | D:6      | Found a staircase to the Ecumenical Temple.
  6060 | Temple   | Entered the Ecumenical Temple
  6090 | Temple   | Became a worshipper of Qazlal Stormbringer
  6473 | D:7      | Noticed Maggie
  6500 | D:7      | Killed Maggie
  6501 | D:7      | Reached skill level 10 in Fighting
  6864 | D:7      | Found a shimmering altar of Xom.
  7004 | D:7      | Noticed Joseph
  7012 | D:7      | Killed Joseph
  7013 | D:7      | Reached skill level 11 in Fighting
  7052 | D:7      | Found an opulent altar of Gozag.
  7125 | D:7      | Found a sparkling altar of Nemelex Xobeh.
  7379 | D:8      | Noticed a two-headed ogre
  7401 | D:8      | Killed a two-headed ogre
  7402 | D:8      | Reached skill level 12 in Fighting
  7402 | D:8      | Reached XP level 10. HP: 81/115 MP: 10/21
  7440 | D:8      | Reached * piety under Qazlal
  7559 | D:8      | Noticed a two-headed ogre
  7565 | D:8      | Killed a two-headed ogre
  7695 | D:8      | Reached skill level 13 in Fighting
  7842 | D:8      | Found an ornate altar of the Wu Jian Council.
  7937 | D:8      | Noticed a death yak
  7937 | D:8      | Noticed a death yak
  7938 | D:8      | Noticed a death yak
  8024 | D:8      | Noticed a deep elf pyromancer
  8025 | D:8      | Noticed a centaur warrior
  8035 | D:8      | Killed a centaur warrior
  8037 | D:8      | Noticed a boulder beetle
  8156 | D:8      | Noticed a death yak
  8156 | D:8      | Noticed a death yak
  8246 | D:8      | Killed a deep elf pyromancer
  8247 | D:8      | Reached skill level 14 in Fighting
  8253 | D:8      | HP: 8/183 [burnt (9)]
  8254 | D:8      | Incinerated by a deep elf pyromancer

Illustrated notes

Levels and vault maps discovered:
D:1:      shiori_arrival_whats_in_store_for_you, layout_basic
D:2:      layout_rooms, serial_shops, shop, uniq_robin
D:3:      layout_basic, basic_ecumenical_altar, gup_sewer_entry_bubbles,
          minivault_4, minmay_misc_feat_chi
D:4:      layout_rooms, serial_co_window_serial, co_window_paths_a,
          co_window_corner_a, co_window_paths_b, co_window_corner_a,
          co_window_corner_a, co_window_corner_b, co_window_broadway_b,
          co_window_unsneaky_path_e, co_window_cross_4, co_window_cross_4,
          co_window_4corner_b, co_window_paths_e, glass_columns_a,
          glass_columns_a, glass_columns_b, glass_columns_c,
          minmay_divided_ellipse
D:5:      layout_cave_pools, slow_altar_1, mainiacjoe_overflow_24_doors
D:6:      layout_rooms, zin_angel, minmay_temple_entry_butterflies,
          serial_shops, shop
D:7:      layout_basic, mainiacjoe_overflow_cross_hatched,
          grunt_gozag_breadcrumbs, regret_index_xom_buried_treasure,
          uniq_joseph, uniq_maggie
D:8:      cheibrodos_elevator_heist, layout_rooms, nicolae_wu_jian_wuxing_cycle,
          dpeg_lair_monsters, minmay_fractal_squares_5
Temple:   nicolae_temple_ecumenical_triangle

Skill      XL: |  1  2  3  4  5  6  7  8  9 10 |
---------------+-------------------------------+-----
Dodging        | 2 |  2.0
Fighting       | 1 2 3 4 6 7 9 12 14 | 14.0
Spellcasting   | 3 4 5 6 7 8 |  8.9
Ice Magic      | 4 5 6 7 8 |  8.0
Summonings     | 3 |  3.0
Polearms       | |  0.6
Stealth        | |  1.6

Action                     |  1- 3 |  4- 6 |  7- 9 | 10-12 || total
---------------------------+-------+-------+-------+-------++-------
  Melee: Whip              |    11 |    15 |       |       ||    26
         Headbutt          |     2 |    19 |    35 |    13 ||    69
         Spear             |       |    18 |       |       ||    18
         Flail             |       |   101 |   234 |    45 ||   380
         Punch             |       |     1 |     2 |       ||     3
   Cast: Freeze            |    48 |     7 |    10 |     5 ||    70
         Frozen Ramparts   |     1 |     8 |    21 |     7 ||    37
         Ozocubu's Armour  |     1 |     6 |    13 |     6 ||    26
         Summon Ice Beast  |       |       |     1 |       ||     1
  Evoke: Wand              |       |       |       |     7 ||     7
    Use: Scroll            |     2 |     3 |     4 |     1 ||    10
         Potion            |     1 |     6 |     1 |     2 ||    10
   Stab: Distracted        |     1 |       |       |       ||     1
         Sleeping          |       |     1 |     1 |       ||     2
 Armour: Robe              |    29 |   122 |   280 |    76 ||   507
         Skin              |       |     6 |       |       ||     6
  Dodge: Dodged            |    19 |    74 |   166 |    39 ||   298

Table legend: (Time is in decaauts)
 A = Elapsed time spent in this place.
 B = Non-inter-level travel time spent in this place.
 C = Inter-level travel time spent in this place.
 D = Time resting spent in this place.
 E = Time spent auto-exploring this place.
 F = Levels seen in this place.
 G = Mean time per level.
                   A        B        C        D        E       F      G
               +--------+--------+--------+--------+--------+-----+--------+
         Total |   8411 |   6516 |   1895 |   1091 |   3730 |  10 |  841.1 |
       Dungeon |   8123 |   6269 |   1854 |   1091 |   3676 |   8 | 1015.4 |
        Temple |     48 |      7 |     41 |      0 |      0 |   1 |   48.0 |
         Sewer |    239 |    239 |      0 |      0 |     54 |   1 |  239.0 |
               +--------+--------+--------+--------+--------+-----+--------+

Top non-repeatable levels by time:
     D:4: 1518 daAuts
     D:7: 1169 daAuts
     D:1: 1168 daAuts
     D:3: 988 daAuts
     D:5: 875 daAuts
     D:8: 849 daAuts
     D:6: 790 daAuts
     D:2: 764 daAuts
   Sewer: 239 daAuts
  Temple: 48 daAuts
